 Dungeon Crawl Stone Soup version 0.28-a0-247-gb8bfbab023 (webtiles) character file.

Game seed: 865039352447893484

19093 freelancePsychic the Severer (level 12, -24/110 HPs)
             Began as a Minotaur Monk on Aug 25, 2021.
             Was a High Priest of Makhleb.
             Killed from afar by a deep elf knight (51 damage)
             ... with a shard of ice
             ... on level 12 of the Dungeon.
             The game lasted 00:23:34 (14360 turns).

freelancePsychic the Severer (Minotaur Monk)       Turns: 14360, Time: 00:23:35

Health: -24/110    AC: 18    Str: 21    XL:     12   Next: 33%
Magic:  14/14      EV:  8    Int:  7    God:    Makhleb [*****.]
Gold:   737        SH:  0    Dex: 13    Spells: 11/11 levels left

rFire   . . .      SeeInvis .   a - +6 battleaxe (elec)
rCold   . . .      Faith    .   (shield currently unavailable)
rNeg    . . .      Spirit   .   l - +0 plate armour
rPois   +          Reflect  .   G - +2 hat {Stlth+}
rElec   .          Harm     .   H - +0 cloak
rCorr   .          Rampage  .   (no gloves)
Will    .....                   (no boots)
Stlth   ..........              (no amulet)
HPRegen 0.28/turn               Q - +4 ring of slaying
MPRegen 0.14/turn               h - ring of poison resistance

@: studying Poison Magic
A: horns 2, retaliatory headbutt
a: Renounce Religion, Minor Destruction, Lesser Servant of Makhleb, Major
Destruction, Greater Servant of Makhleb


You were on level 12 of the Dungeon.
You worshipped Makhleb.
Makhleb was extremely pleased with you.
You visited 2 branches of the dungeon, and saw 13 of its levels.

You collected 737 gold pieces.

Inventory:

Hand Weapons
 a - a +6 battleaxe of electrocution (weapon)
 b - the +6 fustibalus of Maulel {speed, rPois MP+9 Str+4}
   (You found it on level 6 of the Dungeon)

   Attacks with this weapon are significantly faster.
   Str:       It affects your strength (+4).
   rPois:     It protects you from poison.
   MP:        It affects your magic capacity (+9).
 w - a +2 flail of protection
 P - a +1 battleaxe of electrocution
Missiles
 k - 30 poisoned darts
 o - 20 stones
 x - 21 sling bullets
 F - a throwing net
 O - 7 javelins
Armour
 d - a +0 robe
 l - a +0 plate armour (worn)
 p - a +0 leather armour
 G - a +2 hat of stealth (worn)
 H - a +0 cloak (worn)
Jewellery
 c - a ring of wizardry
 h - a ring of poison resistance (right hand)
 j - a ring of positive energy
 s - a ring of positive energy
 C - a ring of see invisible
 I - a +6 ring of dexterity
 Q - a +4 ring of slaying (left hand)
Wands
 B - a wand of digging (12)
 D - a wand of iceblast (14)
 E - a wand of flame (42)
 J - a wand of polymorph (17)
 K - a wand of acid (43)
Scrolls
 e - a scroll of blinking
 r - a scroll of fog
 u - 6 scrolls of teleportation {@r4}
 y - 2 scrolls of magic mapping
 L - a scroll of fear
 M - a scroll of noise
 N - a scroll of identify {@r1}
 R - a scroll of summoning
Potions
 f - 3 potions of flight
 g - 3 potions of degeneration
 i - a potion of invisibility
 m - 4 potions of haste {@q3}
 n - 3 potions of curing {@q1}
 q - a potion of berserk rage
 t - a potion of cancellation {unknown}
 v - a potion of might
 z - a potion of lignification {unknown}
 A - a potion of brilliance {unknown}


   Skills:
 - Level 11.6 Fighting
 * Level 15.8(16.3) Axes
 - Level 6.9(12.4) Maces & Flails
 + Level 10.8 Armour
 - Level 3.2 Dodging
 - Level 1.5 Stealth
 - Level 2.8 Shields
 - Level 4.5 Invocations


You had 11 spell levels left.
You didn't know any spells.
Your spell library contained the following spells:

 Spells                   Type           Power      Damage    Failure   Level
 Beastly Appendage        Tmut           0%         N/A       100%        1
 Wereblood                Tmut           0%         N/A       100%        2
 Gell's Gravitas          Tloc           0%         N/A       100%        3
 Lesser Beckoning         Tloc           0%         N/A       100%        3
 Spider Form              Tmut/Pois      0%         N/A       100%        3
 Teleport Other           Tloc           0%         N/A       100%        3
 Passage of Golubria      Tloc           N/A        N/A       100%        4
 Silence                  Hex/Air        0%         N/A       100%        5
 Summon Forest            Summ/Tloc      0%         N/A       100%        5
 Summon Mana Viper        Hex/Summ       0%         N/A       100%        5
 Shadow Creatures         Summ           N/A        N/A       100%        6
 Lehudib's Crystal Spear  Conj/Erth      0%         10d2      100%        8


Dungeon Overview and Level Annotations

Branches:
Dungeon (12/15)            Temple (1/1) D:5            Lair (0/6) D:8
    Orc (0/2) D:11

Altars:
Elyvilon
Fedhas
Makhleb
Okawaru
Qazlal
Ru
Sif Muna
Vehumet
The Shining One

Annotations:
D:3 3 runed translucent doors, robertstho's ghost, amateur DjFE
D:10 2 transporters, lunkers's ghost, journeyman DjEE


Innate Abilities, Weirdness & Mutations

You have a pair of horns on your head.
You reflexively headbutt those who attack you in melee.


Message History

The centaur warrior shoots an arrow.
The arrow hits you!
A deep elf knight comes into view. It is wielding a +0 short sword.
An ogre mage comes into view.
It is wielding a +0 club and wearing a +1 robe of fire resistance.
You hit the cyclops.
The cyclops is severely wounded.
The ogre mage mumbles some strange words.
The ogre mage flickers and vanishes!
Deactivating autopickup; reactivate with Ctrl-A.
The deep elf knight casts a spell.
The deep elf knight flickers and vanishes!
The cyclops hits you!!
You slice the cyclops!!
You kill the cyclops!
Makhleb accepts your kill.
You hear a twanging sound.
An arrow appears from out of thin air!
You barely miss something. Something hits you but does no damage.
You hit something.
The centaur warrior shoots an arrow.
Something hits you.
You closely miss something.
The centaur warrior shoots an arrow.
Something hits you!
You slice something!! Makhleb accepts your kill.
You feel better.
Reactivating autopickup.
You feel a bit more experienced.
The centaur warrior shoots an arrow.
The arrow hits you!
You hear some strange, mumbled words.
A lance of force appears from out of thin air!
Deactivating autopickup; reactivate with Ctrl-A.
The lance of force hits you!!
You are knocked back by the lance of force.
You slam into the stone wall!
* * * LOW HITPOINT WARNING * * *
The centaur warrior shoots an arrow.
The arrow hits you but does no damage.
A demon appears!
The centaur warrior shoots an arrow.
The arrow hits you but does no damage.
You hear some strange, mumbled words.
A shard of ice appears from out of thin air!
The shard of ice hits you!!!
You die...

.......... ###
.......... ..(
#......... # #.# #
#.[.......
#.##.##.##c#
#.##....##
.......c{..# #....##
#)# ##..... ##.##
##### ##.... #@3.#
#...####.###
####.#####.##.##.###
#.##.##.##.##.##..#.
#....)).......##..'.
#.##.##.##)##.##..#.
#.##.#####)########.
###... #...# #####.
##### ##.####.....
####'###......


You could see a centaur warrior (ally target) and a friendly ynoxinul
(summoned).

Vanquished Creatures
  Gastronok (D:9)
  Harold (D:9)
  An ogre mage (D:12)
  A centaur warrior (D:12)
  3 two-headed ogres
  A tengu warrior (D:12)
  Pikel (D:9)
  2 manticores
  An ugly thing (D:9)
  2 cyclopes (D:12)
  The ghost of Dittersdorf the Skirmisher, a novice GrFi (D:5)
  A komodo dragon (D:8)
  2 trolls (D:11)
  A hornet (D:9)
  A shadow (D:7)
  2 wraiths
  16 yaks
  2 basilisks (D:8)
  3 wyverns
  A steam dragon (D:8)
  Edmund (D:6)
  4 acid dragons
  2 water moccasins
  5 orc warriors
  2 ice beasts (D:7)
  A hornet zombie (D:5)
  2 black bears (D:7)
  An ogre (D:4)
  5 centaurs
  A lemure (D:9)
  3 phantoms (D:4)
  4 kobold brigands
  2 bullfrogs
  A gnoll sergeant (D:10)
  A wyvern skeleton (D:6)
  3 killer bees (D:8)
  3 wights (D:9)
  3 howler monkeys
  A bullfrog zombie (D:6)
  2 centaur zombies
  4 hounds
  11 orc priests
  3 jellies
  A bullfrog skeleton (D:6)
  4 iguanas
  19 orc wizards
  2 howler monkey zombies (D:5)
  Robin (D:4)
  7 gnolls
  2 howler monkey skeletons
  12 adders
  3 shadow imps
  2 white imps
  2 worms
  3 dart slugs
  42 orcs
  2 bats (D:1)
  8 endoplasms
  4 giant cockroaches
  20 goblins
  6 hobgoblins
  9 jackals
  28 kobolds
  6 quokkas
  6 ball pythons
  3 rats
301 creatures vanquished.

Vanquished Creatures (collateral kills)
  A hydra (D:12)
  A two-headed ogre (D:12)
  A deep elf pyromancer (D:12)
  A komodo dragon (D:8)
  A wyvern (D:8)
  A sky beast (D:8)
  An orc priest (D:8)
7 creatures vanquished.

Vanquished Creatures (others)
  A goblin (D:4)
1 creature vanquished.

Grand Total: 309 creatures vanquished

Notes
Turn   | Place    | Note
-------+----------+-------------------------------------------
     0 | D:1      | freelancePsychic the Minotaur Monk began the quest for the
                  | Orb.
     0 | D:1      | Reached XP level 1. HP: 19/19 MP: 0/0
   505 | D:1      | Reached XP level 2. HP: 27/27 MP: 1/1
  1316 | D:2      | Reached XP level 3. HP: 33/33 MP: 2/2
  1531 | D:2      | Reached skill level 5 in Maces & Flails
  1689 | D:2      | Reached XP level 4. HP: 41/41 MP: 3/3
  2251 | D:3      | Noticed a floating eye
  2253 | D:3      | Found a faded altar of an unknown god.
  2256 | D:3      | Noticed a shining eye
  2256 | D:3      | Noticed an eye of devastation
  2256 | D:3      | Noticed a golden eye
  2743 | D:3      | Found a burning altar of Makhleb.
  2821 | D:3      | Found a runed translucent gate.
  2821 | D:3      | Found a runed translucent gate.
  2824 | D:3      | Found a runed translucent gate.
  2824 | D:3      | Noticed robertstho's ghost (amateur DjFE)
  2838 | D:3      | Reached XP level 5. HP: 47/47 MP: 4/4
  2884 | D:3      | Became a worshipper of Makhleb the Destroyer
  2884 | D:3      | Reached * piety under Makhleb
  2884 | D:3      | Reached ** piety under Makhleb
  3208 | D:4      | Noticed a phantom
  3362 | D:4      | Noticed a phantom
  3572 | D:4      | Reached skill level 5 in Fighting
  3573 | D:4      | Noticed Robin
  3581 | D:4      | Killed Robin
  3861 | D:5      | Entered Level 5 of the Dungeon
  3927 | D:4      | Reached skill level 1 in Invocations
  3971 | D:4      | Noticed an ogre
  3971 | D:4      | Noticed a phantom
  4017 | D:5      | Identified a scroll of acquirement
  4017 | D:5      | Acquired a +2 buckler of poison resistance
  4056 | D:5      | Reached skill level 1 in Shields
  4099 | D:5      | Noticed a water moccasin
  4134 | D:5      | Reached XP level 6. HP: 56/56 MP: 6/6
  4265 | D:5      | Reached *** piety under Makhleb
  4483 | D:5      | Found a transporter.
  4483 | D:5      | Noticed Dittersdorf's ghost (novice GrFi)
  4488 | D:5      | Found a transporter.
  4494 | D:5      | Found a staircase to the Ecumenical Temple.
  4507 | Temple   | Entered the Ecumenical Temple
  4508 | Temple   | Acquired a +5 battleaxe of electrocution
  4646 | D:5      | Found a white marble altar of Elyvilon.
  4797 | D:5      | Reached skill level 1 in Axes
  4958 | D:6      | Found a glowing golden altar of the Shining One.
  4995 | D:5      | HP: 1/56 [something/magic dart (4)]
  5136 | D:5      | Reached skill level 2 in Axes
  5136 | D:5      | Reached XP level 7. HP: 37/62 MP: 7/7
  5269 | D:6      | Reached skill level 3 in Axes
  5336 | D:6      | Noticed Edmund
  5365 | D:6      | Reached skill level 4 in Axes
  5390 | D:6      | Found a sacrificial altar of Ru.
  5508 | D:6      | Killed Edmund
  5915 | D:6      | Reached skill level 5 in Axes
  5940 | D:6      | Reached XP level 8. HP: 44/71 MP: 9/9
  6419 | D:6      | Identified the +6 fustibalus of Maulel {speed, rPois MP+9
                  | Str+4}
  6476 | D:6      | Found a stormy altar of Qazlal.
  6615 | D:7      | Reached skill level 6 in Axes
  6988 | D:7      | Reached skill level 7 in Axes
  7057 | D:7      | Reached skill level 1 in Armour
  7118 | D:7      | Found a blossoming altar of Fedhas.
  7161 | D:7      | Reached skill level 8 in Axes
  7161 | D:7      | Reached XP level 9. HP: 81/81 MP: 11/11
  7208 | D:7      | Reached **** piety under Makhleb
  7807 | D:8      | Reached skill level 9 in Axes
  8168 | D:7      | Reached skill level 10 in Axes
  8172 | D:7      | Reached skill level 5 in Armour
  8600 | D:8      | Reached XP level 10. HP: 86/91 MP: 12/12
  9052 | D:8      | Reached skill level 11 in Axes
  9292 | D:8      | HP: 2/93 [orc priest/divine providence (8)]
  9632 | D:8      | Noticed a two-headed ogre
  9643 | D:8      | Killed a two-headed ogre
  9644 | D:8      | Reached skill level 10 in Fighting
  9689 | D:8      | Found a staircase to the Lair.
  9875 | D:9      | Noticed a two-headed ogre
  9884 | D:9      | Killed a two-headed ogre
  9885 | D:9      | Reached skill level 12 in Axes
 10024 | D:9      | Noticed Pikel
 10038 | D:9      | Killed Pikel
 10261 | D:9      | Noticed Harold
 10271 | D:9      | Killed Harold
 10272 | D:9      | Reached XP level 11. HP: 63/101 MP: 13/13
 10583 | D:9      | Noticed a green ugly thing
 10594 | D:9      | Killed a green ugly thing
 10656 | D:9      | Noticed Gastronok
 10658 | D:9      | Reached skill level 13 in Axes
 10669 | D:9      | Killed Gastronok
 10797 | D:9      | Found an iron altar of Okawaru.
 11208 | D:9      | Found a shimmering blue altar of Sif Muna.
 11338 | D:10     | Entered Level 10 of the Dungeon
 11367 | D:10     | Reached ***** piety under Makhleb
 11655 | D:10     | Reached skill level 14 in Axes
 11696 | D:10     | Found a transporter.
 11697 | D:10     | Noticed lunkers's ghost (journeyman DjEE)
 11698 | D:10     | Found a transporter.
 12377 | D:4      | Found a radiant altar of Vehumet.
 12938 | D:5      | Killed Dittersdorf's ghost
 13363 | D:11     | Noticed a two-headed ogre
 13370 | D:11     | Killed a two-headed ogre
 13729 | D:11     | Found a staircase to the Orcish Mines.
 13735 | D:11     | Reached skill level 10 in Armour
 13735 | D:11     | Reached XP level 12. HP: 106/110 MP: 14/14
 13955 | D:12     | Reached skill level 15 in Axes
 14067 | D:12     | Noticed a two-headed ogre
 14071 | D:12     | Killed a two-headed ogre
 14235 | D:12     | Noticed a five-headed hydra
 14235 | D:12     | Noticed a tengu warrior
 14241 | D:12     | Killed a five-headed hydra
 14243 | D:12     | Noticed a centaur warrior
 14250 | D:12     | Killed a tengu warrior
 14254 | D:12     | Killed a centaur warrior
 14351 | D:12     | Noticed a centaur warrior
 14352 | D:12     | Noticed an ogre mage
 14359 | D:12     | Killed an ogre mage
 14360 | D:12     | Killed from afar by a deep elf knight

Illustrated notes

Levels and vault maps discovered:
D:1:      saegor_arrival_under_anarchy, layout_loops_ring, supply_closet_lemuel,
          minmay_crystal_room, minmay_pentomino_z2
D:2:      layout_loops_cross, minmay_misc_feat_doors
D:3:      layout_basic, mainiacjoe_overflow_chevrons,
          hellmonk_ecumenical_altar_watching_god, ebering_ghost_rock_garden
D:4:      minmay_opposing_rooms, layout_loops_corners, fiery_altar_vehumet,
          kennysheep_flooded_box, minmay_misc_feat_room, uniq_robin
D:5:      layout_cave_pools, elyvilon_altar_1, minmay_temple_entry_proselytizer,
          gammafunk_ghost_mausoleum
D:6:      layout_basic, nicolae_qazlal_scattered_showers,
          mainiacjoe_overflow_concentric_impassable,
          mainiacjoe_overflow_boulevard, minmay_unpleasant_kobolds, uniq_edmund
D:7:      layout_basic, fedhas_ov_isle_minmay, minmay_manual_moon
D:8:      layout_rooms, erik_lair_dragon, kennysheep_generic_room_13
D:9:      layout_loops_ring, led_sif_book, lemuel_coloured_pillars_altar,
          uniq_harold, uniq_gastronok, uniq_pikel
D:10:     layout_basic, gammafunk_ghost_hive
D:11:     layout_basic, orc_0_dummy, grunt_ministairs_1
D:12:     hangedman_cross_veins, layout_gridville
Temple:   nicolae_temple_figure_eight

Skill      XL: |  1  2  3  4  5  6  7  8  9 10 11 12 |
---------------+-------------------------------------+-----
Maces & Flails | 4 5 6 |  6.9
Fighting       | 4 5 6 7 9 10 11 | 11.6
Invocations    | 1 2 3 4 |  4.5
Shields        | 1 2 |  2.8
Axes           | 2 5 8 10 12 14 15 | 15.8
Armour         | 2 5 7 10 | 10.8
Dodging        | |  3.2
Stealth        | |  1.5

Action                   |  1- 3 |  4- 6 |  7- 9 | 10-12 || total
-------------------------+-------+-------+-------+-------++-------
Melee: Mace              |    57 |   115 |       |       ||   172
       Headbutt          |    10 |    24 |    22 |    44 ||   100
       Battleaxe         |       |    20 |   149 |   249 ||   418
 Fire: Hunting sling     |       |    14 |       |       ||    14
       Fustibalus        |       |       |     7 |    21 ||    28
Invok: Minor Destruction |       |    24 |     4 |     7 ||    35
       Lesser Servant of |       |       |     2 |     4 ||     6
  Use: Scroll            |     3 |     4 |     8 |     5 ||    20
       Potion            |       |     1 |       |     1 ||     2
 Stab: Sleeping          |     1 |     3 |     4 |       ||     8
       Distracted        |       |       |     3 |       ||     3
Armor: Robe              |     2 |     1 |       |       ||     3
       Leather armour    |       |    24 |     6 |       ||    30
       Plate armour      |       |       |    78 |   153 ||   231
Dodge: Dodged            |    23 |    75 |    70 |    72 ||   240
Block: Buckler           |       |     7 |       |       ||     7

Table legend: (Time is in decaauts)
 A = Elapsed time spent in this place.
 B = Non-inter-level travel time spent in this place.
 C = Inter-level travel time spent in this place.
 D = Time resting spent in this place.
 E = Time spent auto-exploring this place.
 F = Levels seen in this place.
 G = Mean time per level.
                   A        B        C        D        E       F      G
               +--------+--------+--------+--------+--------+-----+--------+
         Total |  14432 |  13501 |    931 |   1478 |   9860 |  13 | 1110.2 |
       Dungeon |  14422 |  13491 |    931 |   1478 |   9860 |  12 | 1201.8 |
        Temple |     10 |     10 |      0 |      0 |      0 |   1 |   10.0 |
               +--------+--------+--------+--------+--------+-----+--------+

Top non-repeatable levels by time:
     D:7: 1797 daAuts
     D:8: 1657 daAuts
     D:9: 1541 daAuts
     D:5: 1468 daAuts
     D:6: 1438 daAuts
     D:4: 1385 daAuts
     D:1: 1268 daAuts
     D:3: 1110 daAuts
     D:2: 882 daAuts
    D:10: 802 daAuts
    D:11: 647 daAuts
    D:12: 422 daAuts
  Temple: 10 daAuts
